 Dungeon Crawl Stone Soup version 0.31-a0-408-gb642c7f9a3 (webtiles) character file.

Game seed: 6473685344951903868

263 night the Ruffian (level 5, -4/60 HPs)
             Began as a Draconian Shapeshifter on July 29, 2023.
             Was an Initiate of Fedhas.
             Killed from afar by a white imp (11 damage)
             ... with a puff of frost
             ... summoned by Eustachio
             ... on level 5 of the Dungeon.
             The game lasted 00:09:34 (3352 turns).

night the Ruffian (Draconian Shapeshifter)          Turns: 3352, Time: 00:09:35

Health: -4/60      AC: 22    Str: 15 (17) XL:     5   Next: 97%
Magic:  14/14      EV:  2    Int: 13 (16) God:    Fedhas [......]
Gold:   13         SH: 10    Dex: 10 (12) Spells: 4/4 levels left

rFire   . .          .
                       - Unarmed
rCold   . . .        C - +0 tower shield
rNeg    . . .        (body armour unavailable)
rPois   +            (helmet currently unavailable)
rElec   .            D - melded +0 cloak
rCorr   .            (gloves currently unavailable)
SInv    .            (boots currently unavailable)
Will    .....        (no amulet)
Stlth   +            e - ring of magical power
HPRegen 0.30/turn    f - +6 ring of intelligence
MPRegen 0.14/turn

%: no passive effects
@: mighty, tree-form
A: stationary, stasis, torment immunity, boosted hp, AC +5, unfitting armour,
(cold-blooded)
a: Renounce Religion


You were on level 5 of the Dungeon.
You worshipped Fedhas.
Fedhas was noncommittal.
You were a tree.
You visited 2 branches of the dungeon, and saw 6 of its levels.

You collected 148 gold pieces.
You spent 135 gold pieces at shops.

Inventory:

Missiles
 g - a throwing net
 o - 14 stones
Armour
 C - a +0 tower shield (worn)
 D - a +0 cloak (melded)
Jewellery
 e - a ring of magical power (left branch)
 f - a +6 ring of intelligence (right branch)
 n - a ring of flight
 s - a ring of fire
Talismans
 b - a beast talisman
 x - a blade talisman
Wands
 B - a wand of charming (9)
Scrolls
 d - 2 scrolls of fear
 h - 4 scrolls of identify {unknown}
 i - 2 scrolls of vulnerability {unknown}
 j - 3 scrolls of enchant weapon {unknown}
 k - 2 scrolls of revelation {unknown}
 l - a scroll of fog {unknown}
 q - 3 scrolls of silence {unknown}
 r - a scroll of enchant armour {unknown}
 v - 2 scrolls of teleportation
 w - 2 scrolls of amnesia {unknown}
 y - a scroll of noise {unknown}
Potions
 a - a potion of lignification
 c - a potion of curing
 p - a potion of degeneration
 t - a potion of brilliance
 z - a potion of magic {unknown}


   Skills:
 - Level 1.1 Fighting
 + Level 3.1 Dodging
 + Level 0.9 Shields
 * Level 5.1 Unarmed Combat
 + Level 3.8 Shapeshifting


You had 4 spell levels left.
You didn't know any spells.
Your spell library was empty.

Dungeon Overview and Level Annotations

Branches:
Dungeon (5/15)             Temple (1/1) D:4

Altars:
Ashenzari
Dithmenos
Elyvilon
Fedhas
Gozag
Kikubaaqudgha
Makhleb
Okawaru
Qazlal
Sif Muna
Trog
Uskayaw
Wu Jian
Xom
Yredelemnul
The Shining One

Shops:
D:4 [[?(*=

Annotations:
D:5 Eustachio


Innate Abilities, Weirdness & Mutations

You are a tree.
Your roots penetrate the ground, keeping you stationary.
You cannot be teleported.
You are immune to unholy pain and torment.
Your maximum health is greatly increased.
Your equipment is partially melded.
((Your plain brown scales are hard. (AC +5)))
You cannot fit into any form of body armour.
((You are cold-blooded and may be slowed by cold attacks.))


Message History

The puff of frost hits you!
* * * LOW HITPOINT WARNING * * *
Eustachio mumbles some strange words.
Eustachio blinks!
The white imp attacks as you move away! The white imp barely misses you.
You block the iron imp's attack.
Things that are here:
a +0 spear; a +0 spear; a gnoll corpse You closely miss the white imp.
You block the white imp's attack. The iron imp barely misses you.
You feel better. You block the white imp's attack.
You block the iron imp's attack.
Really quaff the potion of lignification?
Your transformation has ended.
Your +0 cloak unmelds from your body.
You turn into a tree.
Your +0 cloak melds into your body.
Your roots penetrate the ground.
The white imp gestures at you. The puff of frost hits you.
* * * LOW HITPOINT WARNING * * *
You block the iron imp's attack.
You hit the iron imp but do no damage. You block the white imp's attack.
The iron imp hits you.
* * * LOW HITPOINT WARNING * * *
The white imp hits you but does no damage.
Eustachio mumbles some strange words.
You smack the iron imp!
The iron imp is almost dead.
The iron imp disappears in a puff of smoke!
The white imp gestures at you. The puff of frost hits you.
* * * LOW HITPOINT WARNING * * *
Eustachio growls, "To hell with you, honourless miscreant!"
The gnoll bouda barks out a call to the hunt!
You hear a shout!
You miss Eustachio.
Eustachio is moderately wounded.
The white imp gestures at you. The puff of frost hits you!
You die...
Fedhas appreciates your contribution to the ecosystem.

..#. ##.# #.#. .....#
... #.# .... #...# #.#
.#.# .... .... ... ..#.#
...####.# #####.##..#.#
.##.#....# ......... .#
..@g.....# ..... .#
..#.#).gg#######.#####.#
#.#...g..§..g.55@♣5..#
#.#.....######.#######
..#.......# #.#
#.#.###.#.# #.#
..#.#..<#.# #.#
.##.#...# . ... #.#####
## #.# .. ...


You could see Eustachio, a gnoll bouda, 2 quasits and a white imp (summoned).

Vanquished Creatures
  An iguana (D:5)
  2 orc wizards
  3 gnolls
  5 adders
  An ufetubus (D:5)
  A worm (D:3)
  9 orcs
  4 endoplasms
  6 giant cockroaches
  11 goblins
  8 hobgoblins
  8 kobolds
  7 quokkas
  8 ball pythons
  7 bats
  5 frilled lizards
  11 rats
97 creatures vanquished.

Vanquished Creatures (collateral kills)
  An orc (D:5)
1 creature vanquished.

Vanquished Creatures (others)
  A hound (D:5)
1 creature vanquished.

Grand Total: 99 creatures vanquished

Notes
Turn   | Place    | Note
-------+----------+-------------------------------------------
     0 | D:1      | night the Draconian Shapeshifter began the quest for the
                  | Orb.
     0 | D:1      | Reached XP level 1. HP: 16/16 MP: 1/1
   207 | D:1      | Reached skill level 2 in Dodging
   207 | D:1      | Reached XP level 2. HP: 14/23 MP: 2/2
   531 | D:1      | Reached XP level 3. HP: 24/28 MP: 3/3
  1011 | D:2      | Reached skill level 4 in Unarmed Combat
  1071 | D:2      | Reached XP level 4. HP: 31/35 MP: 4/4
  2017 | D:3      | Reached XP level 5. HP: 38/40 MP: 5/5
  2724 | D:4      | Found a stormy altar of Qazlal.
  2739 | D:4      | Found Juigho's Jewellery Shop.
  2757 | D:4      | Found Raenit's Neck Hole.
  2820 | D:4      | Found Sympel's Armour Shop.
  2839 | D:4      | Found Orooguw's Antique Armour Shoppe.
  2860 | D:4      | Bought a +0 tower shield for 58 gold pieces
  2918 | D:4      | Found an ancient bone altar of Kikubaaqudgha.
  3054 | D:4      | Found Beuloish's Magic Scroll Emporium.
  3062 | D:4      | Bought a scroll of fear for 44 gold pieces
  3062 | D:4      | Bought a scroll of teleportation for 33 gold pieces
  3151 | D:4      | Found a staircase to the Ecumenical Temple.
  3157 | Temple   | Entered the Ecumenical Temple
  3182 | Temple   | Became a worshipper of Fedhas Madash
  3226 | D:4      | Found Yffonky's Weapon Emporium.
  3238 | D:4      | Found a white marble altar of Elyvilon.
  3251 | D:5      | Entered Level 5 of the Dungeon
  3257 | D:5      | Noticed Eustachio
  3288 | D:5      | HP: 6/40 [iguana (6)]
  3288 | D:5      | HP: 2/40 [iguana (4)]
  3290 | D:5      | Reached skill level 5 in Unarmed Combat
  3340 | D:5      | HP: 1/40 [Eustachio/+0 rapier (6)]
  3345 | D:5      | HP: 3/40 [white imp/puff of frost[Eustachio] (10)]
  3350 | D:5      | HP: 9/60 [iron imp[Eustachio] (5)]
  3352 | D:5      | Killed from afar by a white imp

Illustrated notes

Levels and vault maps discovered:
D:1:      spicycebolla_arrival_ecumenical, layout_basic
D:2:      minmay_inner_zag, layout_basic
D:3:      layout_basic, minmay_randomly_rotated_circles
D:4:      layout_rooms, kennysheep_mini_moat, kiku_gazebo_garden_becter,
          lemuel_tele_altar, minmay_temple_entry_fiery, serial_shops,
          nicolae_diamond_shop, nicolae_shop_behind_doors,
          nicolae_shop_tiny_waterfront, shop, nicolae_shop_hallway_stairs,
          nicolae_shop_sticking_my_neck_out
D:5:      layout_basic, nemelex_dance_club_becter,
          gammafunk_ghost_abyssal_escape, nicolae_zen_rock_garden,
          amethyst_killhole, serial_park_tiny_pond, kennysheep_generic_room_3,
          uniq_pikel, uniq_blork_the_orc, uniq_eustachio
Temple:   hellmonk_temple_forest_ring

Skill      XL: |  1  2  3  4  5 |
---------------+----------------+-----
Dodging        | 2 3 |  3.1
Unarmed Combat | 4 5 |  5.1
Fighting       | |  1.1
Shields        | |  0.9
Shapeshifting  | |  3.8

Action                     |  1- 3 |  4- 6 || total
---------------------------+-------+-------++-------
  Melee: Unarmed           |    88 |   155 ||   243
         Punch             |     3 |     2 ||     5
         Tailslap          |     7 |    17 ||    24
Ability: Begin Untransform |       |     1 ||     1
  Evoke: Wand              |       |     2 ||     2
    Use: Potion            |       |    10 ||    10
   Stab: Sleeping          |     2 |       ||     2
 Armour: Skin              |    29 |    57 ||    86
  Dodge: Dodged            |    41 |    78 ||   119
  Block: Tower shield      |       |    41 ||    41
   Form: Beast             |       |     1 ||     1

Table legend: (Time is in decaauts)
 A = Elapsed time spent in this place.
 B = Non-inter-level travel time spent in this place.
 C = Inter-level travel time spent in this place.
 D = Time resting spent in this place.
 E = Time spent auto-exploring this place.
 F = Levels seen in this place.
 G = Mean time per level.
                   A        B        C        D        E       F      G
               +--------+--------+--------+--------+--------+-----+--------+
         Total |   3354 |   3203 |    151 |     79 |   2441 |   6 |  559.0 |
       Dungeon |   3310 |   3196 |    114 |     79 |   2441 |   5 |  662.0 |
        Temple |     43 |      6 |     37 |      0 |      0 |   1 |   43.0 |
               +--------+--------+--------+--------+--------+-----+--------+

Top non-repeatable levels by time:
     D:3: 970 daAuts
     D:1: 836 daAuts
     D:2: 780 daAuts
     D:4: 608 daAuts
     D:5: 114 daAuts
  Temple: 43 daAuts
